[ AOE2 MATCH · #478344778 ]
UnrankedKoreans vs Saracens
[ REPLAY ANALYSIS · EXTRACTED FROM THE RECORDED GAME ]
Feudal
10:56
Castle
14:28
Imperial
44:12
| APM avg | 46.5 |
| APM peak | 94 |
| eAPM avg | 25.2 |
| Villagers / military | 197 / 442 |
Focus
⚔️ 27.7% · 🌾 72.3%
War Wagon ×224 · Skirmisher ×212 · Trebuchet (Packed) ×3 · Iron Pagoda ×2 · Monk ×1
Feudal
—
Castle
—
Imperial
—
| APM avg | 40.8 |
| APM peak | 81 |
| eAPM avg | 19.8 |
| Villagers / military | 174 / 337 |
Focus
⚔️ 27.6% · 🌾 72.4%
Scout Cavalry ×166 · Mameluke ×161 · Monk ×6 · Petard ×2 · Mangonel ×1 · Battering Ram ×1
Feudal
10:32
Castle
14:02
Imperial
26:41
| APM avg | 56.1 |
| APM peak | 105 |
| eAPM avg | 27.6 |
| Villagers / military | 186 / 411 |
Focus
⚔️ 33.3% · 🌾 66.7%
Spearman ×220 · Archer ×116 · Bombard Cannon ×75 · Trade Cart ×14
Feudal
11:44
Castle
15:17
Imperial
49:43
| APM avg | 37.6 |
| APM peak | 70 |
| eAPM avg | 21.2 |
| Villagers / military | 121 / 398 |
Focus
⚔️ 41.8% · 🌾 58.2%
Skirmisher ×238 · Elephant Archer ×84 · Scout Cavalry ×57 · Shrivamsha Rider ×9 · Archer ×5 · Mangonel ×4
Feudal
9:18
Castle
14:20
Imperial
37:25
| APM avg | 24.3 |
| APM peak | 48 |
| eAPM avg | 18.0 |
| Villagers / military | 226 / 528 |
Focus
⚔️ 35.9% · 🌾 64.1%
Skirmisher ×220 · Spearman ×194 · Archer ×93 · Battering Ram ×14 · Mangonel ×4 · Berserk ×2
Feudal
12:11
Castle
15:43
Imperial
20:58
| APM avg | 45.8 |
| APM peak | 151 |
| eAPM avg | 22.4 |
| Villagers / military | 227 / 348 |
Focus
⚔️ 45.1% · 🌾 54.9%
Unknown (882) ×152 · Skirmisher ×151 · Genoese Crossbowman ×147 · Monk ×29 · Trebuchet (Packed) ×12 · Bombard Cannon ×7
Feudal
10:31
Castle
14:34
Imperial
—
| APM avg | 28.7 |
| APM peak | 142 |
| eAPM avg | 17.5 |
| Villagers / military | 123 / 27 |
Focus
⚔️ 61.8% · 🌾 38.2%
Cavalry Archer ×16 · Skirmisher ×10 · Mangonel ×1
Feudal
10:59
Castle
14:54
Imperial
34:51
| APM avg | 17.4 |
| APM peak | 39 |
| eAPM avg | 13.4 |
| Villagers / military | 160 / 473 |
Focus
⚔️ 35.8% · 🌾 64.2%
Scout Cavalry ×275 · Skirmisher ×103 · Steppe Lancer ×84 · Iron Pagoda ×5 · Scorpion ×2 · Fire Lancer ×2
Match map
Initial resources + every placement click. Lines = walls · curves = elevation contours. ◆ gold · ⬟ stone · ● berries · ✦ relic · ◌ wall gap
Your base· ✓ Closed at 14:28 · 0t walls · 3 gate(s)
Mr CHEN9898's base· ✓ Closed at 11:25 · 0t walls · 2 gate(s)
calypso1119's base· ✓ Closed at 14:02 · 0t walls · 2 gate(s)
Jay_DiDi's base· ✓ Closed at 15:17 · 0t walls · 3 gate(s)
CALI's base· ✓ Closed at 14:20 · 0t walls · 2 gate(s)
crumpet's base· ✓ Closed at 15:43 · 0t walls · 2 gate(s)
MacBookUser's base· ✓ Closed at 14:34 · 0t walls · 3 gate(s)
LikeMaik's base· ✓ Closed at 14:54 · 0t walls · 3 gate(s)
Smoothed initial terrain · ◌ = detected wall gap · hover for details
Inputs per minute
— One Trick Kitty - - Mr CHEN9898
Build order — One Trick Kitty
First 150 of 545 actions detected
| 0:00 | Create | Villager (Male) |
| 0:01 | Create | Villager (Male) |
| 0:01 | Create | Villager (Male) |
| 0:02 | Build | House |
| 0:04 | Build | House |
| 0:05 | Create | Villager (Male) |
| 1:23 | Create | Villager (Male) |
| 1:24 | Create | Villager (Male) |
| 2:00 | Create | Villager (Male) |
| 2:00 | Create | Villager (Male) |
| 2:12 | Build | Lumber Camp |
| 2:12 | Create | Villager (Male) |
| 2:50 | Create | Villager (Male) |
| 3:06 | Create | Villager (Male) |
| 3:23 | Create | Villager (Male) |
| 3:46 | Create | Villager (Male) |
| 3:50 | Build | House |
| 3:50 | Build | House |
| 4:03 | Create | Villager (Male) |
| 4:03 | Create | Villager (Male) |
| 4:38 | Create | Villager (Male) |
| 4:38 | Create | Villager (Male) |
| 4:49 | Build | Mill |
| 5:02 | Create | Villager (Male) |
| 5:02 | Create | Villager (Male) |
| 5:06 | Create | Villager (Male) |
| 5:32 | Create | Villager (Male) |
| 5:33 | Create | Villager (Male) |
| 5:55 | Create | Villager (Male) |
| 6:49 | Create | Villager (Male) |
| 6:51 | Create | Villager (Male) |
| 6:51 | Create | Villager (Male) |
| 7:15 | Build | Mining Camp |
| 8:17 | Create | Villager (Male) |
| 8:17 | Research | Feudal Age |
| 8:30 | Research | Loom |
| 8:44 | Build | House |
| 9:48 | Create | Villager (Male) |
| 9:49 | Research | Loom |
| 10:56 | Age | Feudal Age |
| 10:59 | Build | Market |
| 11:01 | Build | Blacksmith |
| 11:17 | Build | Mining Camp |
| 11:48 | Research | Castle Age |
| 12:36 | Create | Villager (Male) |
| 14:02 | Build | House |
| 14:28 | Age | Castle Age |
| 14:38 | Build | Castle |
| 14:41 | Create | Villager (Male) |
| 14:44 | Build | House |
| 14:46 | Build | House |
| 14:54 | Build | House |
| 14:58 | Build | House |
| 14:59 | Create | Villager (Male) |
| 15:02 | Create | Villager (Male) |
| 15:15 | Build | Farm |
| 15:19 | Build | Farm |
| 15:19 | Build | Farm |
| 15:19 | Build | Farm |
| 15:19 | Build | Farm |
| 15:56 | Build | Mining Camp |
| 16:11 | Research | Fletching |
| 16:13 | Create | War Wagon |
| 16:29 | Create | War Wagon |
| 16:31 | Create | Villager (Male) |
| 17:22 | Create | War Wagon |
| 17:22 | Create | War Wagon |
| 17:35 | Create | Villager (Male) |
| 17:35 | Create | Villager (Male) |
| 17:35 | Create | Villager (Male) |
| 17:45 | Create | Villager (Male) |
| 17:53 | Create | War Wagon |
| 17:53 | Create | War Wagon |
| 18:10 | Research | Bodkin Arrow |
| 18:32 | Create | War Wagon |
| 18:35 | Create | Villager (Male) |
| 19:03 | Create | Villager (Male) |
| 19:03 | Create | Villager (Male) |
| 19:15 | Create | War Wagon |
| 19:39 | Create | Villager (Male) |
| 19:47 | Create | War Wagon |
| 19:49 | Create | War Wagon |
| 19:51 | Create | Villager (Male) |
| 20:21 | Create | War Wagon |
| 20:47 | Create | Villager (Male) |
| 20:49 | Create | Villager (Male) |
| 20:49 | Create | Villager (Male) |
| 20:54 | Create | War Wagon |
| 20:54 | Create | War Wagon |
| 21:25 | Create | War Wagon |
| 21:25 | Create | War Wagon |
| 21:32 | Build | Castle |
| 21:47 | Create | War Wagon |
| 22:11 | Create | Villager (Male) |
| 22:14 | Create | War Wagon |
| 22:39 | Create | War Wagon |
| 22:39 | Create | War Wagon |
| 22:52 | Create | Villager (Male) |
| 22:54 | Create | Villager (Male) |
| 22:55 | Create | Villager (Male) |
| 23:02 | Create | War Wagon |
| 23:02 | Create | War Wagon |
| 23:14 | Create | Villager (Male) |
| 23:17 | Research | Double-Bit Axe |
| 23:38 | Create | War Wagon |
| 23:53 | Create | Villager (Male) |
| 24:06 | Build | Castle |
| 24:11 | Create | Villager (Male) |
| 24:32 | Create | Villager (Male) |
| 24:37 | Create | War Wagon |
| 24:37 | Create | War Wagon |
| 24:46 | Build | Farm |
| 24:47 | Create | Villager (Male) |
| 24:52 | Build | Farm |
| 24:53 | Build | Farm |
| 25:09 | Create | War Wagon |
| 25:18 | Create | War Wagon |
| 25:25 | Create | Villager (Male) |
| 25:29 | Build | Farm |
| 25:30 | Create | Villager (Male) |
| 25:45 | Create | Villager (Male) |
| 26:16 | Create | War Wagon |
| 26:32 | Build | University |
| 26:36 | Create | War Wagon |
| 26:57 | Build | Lumber Camp |
| 27:17 | Create | War Wagon |
| 27:19 | Create | Villager (Male) |
| 27:21 | Create | War Wagon |
| 27:26 | Create | Villager (Male) |
| 27:44 | Research | Bow Saw |
| 27:58 | Create | Villager (Male) |
| 28:01 | Research | Ballistics |
| 28:11 | Create | War Wagon |
| 28:11 | Create | War Wagon |
| 28:30 | Create | War Wagon |
| 28:40 | Create | Villager (Male) |
| 28:40 | Create | Villager (Male) |
| 28:45 | Create | War Wagon |
| 28:51 | Create | War Wagon |
| 28:51 | Create | War Wagon |
| 29:18 | Create | War Wagon |
| 29:18 | Create | War Wagon |
| 29:26 | Create | Villager (Male) |
| 29:30 | Create | War Wagon |
| 29:34 | Build | House |
| 29:34 | Create | Villager (Male) |
| 29:55 | Create | War Wagon |
| 30:12 | Build | Castle |
| 30:37 | Create | War Wagon |
| 30:42 | Create | War Wagon |
Build order — Mr CHEN9898
First 150 of 558 actions detected
| 0:01 | Create | Villager (Male) |
| 0:01 | Create | Villager (Male) |
| 0:02 | Build | House |
| 0:04 | Build | House |
| 0:14 | Create | Villager (Male) |
| 0:21 | Create | Villager (Male) |
| 1:29 | Create | Villager (Male) |
| 2:02 | Create | Villager (Male) |
| 2:02 | Create | Villager (Male) |
| 2:38 | Create | Villager (Male) |
| 2:43 | Build | Lumber Camp |
| 2:55 | Create | Villager (Male) |
| 3:22 | Create | Villager (Male) |
| 3:27 | Build | House |
| 3:45 | Create | Villager (Male) |
| 4:02 | Create | Villager (Male) |
| 4:04 | Build | House |
| 4:20 | Build | House |
| 4:34 | Create | Villager (Male) |
| 4:35 | Create | Villager (Male) |
| 5:09 | Build | Mill |
| 5:25 | Create | Villager (Male) |
| 5:30 | Create | Villager (Male) |
| 5:34 | Create | Villager (Male) |
| 5:34 | Create | Villager (Male) |
| 5:56 | Create | Villager (Male) |
| 6:07 | Create | Villager (Male) |
| 6:21 | Create | Villager (Male) |
| 7:13 | Build | Farm |
| 7:41 | Build | Mining Camp |
| 8:17 | Research | Feudal Age |
| 10:03 | Create | Villager (Male) |
| 10:03 | Create | Villager (Male) |
| 10:40 | Build | Market |
| 10:42 | Build | Blacksmith |
| 11:25 | Research | Castle Age |
| 11:26 | Research | Castle Age |
| 11:33 | Research | Double-Bit Axe |
| 12:30 | Research | Horse Collar |
| 13:21 | Build | Farm |
| 13:22 | Build | Farm |
| 13:23 | Build | Farm |
| 13:24 | Build | Farm |
| 13:31 | Build | Farm |
| 13:37 | Build | House |
| 13:39 | Build | House |
| 13:42 | Create | Villager (Male) |
| 14:11 | Build | Town Center |
| 14:17 | Create | Villager (Male) |
| 14:34 | Build | Town Center |
| 14:37 | Create | Villager (Male) |
| 14:41 | Build | House |
| 14:58 | Create | Villager (Male) |
| 15:01 | Create | Villager (Male) |
| 15:21 | Build | Monastery |
| 15:24 | Create | Villager (Male) |
| 15:32 | Build | Farm |
| 15:33 | Build | Farm |
| 15:43 | Create | Villager (Male) |
| 15:54 | Build | Farm |
| 15:55 | Build | Farm |
| 16:03 | Create | Villager (Male) |
| 16:03 | Create | Villager (Male) |
| 16:04 | Create | Villager (Male) |
| 16:22 | Build | Farm |
| 16:24 | Build | Farm |
| 16:28 | Create | Villager (Male) |
| 16:32 | Create | Monk |
| 16:41 | Build | Farm |
| 16:44 | Build | Farm |
| 16:46 | Create | Villager (Male) |
| 16:52 | Build | Farm |
| 16:53 | Build | Farm |
| 17:10 | Create | Villager (Male) |
| 17:11 | Create | Villager (Male) |
| 17:17 | Build | Farm |
| 17:23 | Build | Farm |
| 17:26 | Build | Farm |
| 17:27 | Build | Farm |
| 17:29 | Create | Villager (Male) |
| 17:37 | Create | Villager (Male) |
| 17:43 | Build | Farm |
| 17:51 | Create | Villager (Male) |
| 18:00 | Build | Farm |
| 18:00 | Build | Farm |
| 18:07 | Create | Villager (Male) |
| 18:07 | Create | Villager (Male) |
| 18:16 | Create | Villager (Male) |
| 18:17 | Create | Villager (Male) |
| 18:25 | Build | Farm |
| 18:30 | Build | Farm |
| 18:32 | Build | Farm |
| 18:34 | Create | Villager (Male) |
| 18:34 | Create | Villager (Male) |
| 18:42 | Create | Monk |
| 18:46 | Create | Villager (Male) |
| 18:46 | Create | Villager (Male) |
| 18:49 | Build | Farm |
| 18:53 | Build | Farm |
| 18:58 | Create | Villager (Male) |
| 19:06 | Create | Villager (Male) |
| 19:10 | Build | Farm |
| 19:11 | Build | Farm |
| 19:16 | Build | Farm |
| 19:16 | Build | Farm |
| 19:17 | Create | Villager (Male) |
| 19:21 | Build | House |
| 19:24 | Build | House |
| 19:25 | Create | Villager (Male) |
| 19:30 | Research | Wheelbarrow |
| 19:34 | Research | Loom |
| 19:35 | Research | Town Watch |
| 19:39 | Research | Town Watch |
| 19:40 | Create | Villager (Male) |
| 19:44 | Build | Farm |
| 19:44 | Build | Farm |
| 19:45 | Build | Farm |
| 19:57 | Research | Fervor |
| 19:58 | Create | Villager (Male) |
| 20:05 | Create | Villager (Male) |
| 20:08 | Build | Farm |
| 20:11 | Create | Villager (Male) |
| 20:13 | Research | Bow Saw |
| 20:20 | Build | House |
| 20:26 | Create | Villager (Male) |
| 20:26 | Create | Villager (Male) |
| 20:37 | Build | House |
| 20:38 | Build | House |
| 20:40 | Create | Villager (Male) |
| 20:53 | Create | Villager (Male) |
| 20:59 | Create | Villager (Male) |
| 21:09 | Research | Sanctity |
| 21:09 | Research | Sanctity |
| 21:11 | Create | Villager (Male) |
| 21:17 | Build | House |
| 21:33 | Create | Villager (Male) |
| 21:34 | Create | Villager (Male) |
| 21:35 | Create | Villager (Male) |
| 21:38 | Build | Farm |
| 21:49 | Create | Villager (Male) |
| 21:55 | Build | Farm |
| 21:57 | Create | Villager (Male) |
| 22:03 | Create | Villager (Male) |
| 22:06 | Build | Mining Camp |
| 22:28 | Create | Villager (Male) |
| 22:30 | Build | Farm |
| 22:33 | Create | Monk |
| 22:48 | Create | Villager (Male) |
| 22:49 | Create | Villager (Male) |
| 22:56 | Create | Villager (Male) |
Build order — calypso1119
First 150 of 570 actions detected
| 0:02 | Create | Villager (Male) |
| 0:02 | Create | Villager (Male) |
| 0:02 | Build | House |
| 0:04 | Build | House |
| 0:09 | Create | Villager (Male) |
| 0:09 | Create | Villager (Male) |
| 0:09 | Create | Villager (Male) |
| 1:20 | Create | Villager (Male) |
| 1:20 | Create | Villager (Male) |
| 1:38 | Create | Villager (Male) |
| 1:39 | Create | Villager (Male) |
| 1:57 | Build | Lumber Camp |
| 2:23 | Create | Villager (Male) |
| 2:23 | Create | Villager (Male) |
| 2:23 | Create | Villager (Male) |
| 2:53 | Create | Villager (Male) |
| 2:53 | Create | Villager (Male) |
| 2:54 | Create | Villager (Male) |
| 3:05 | Create | Villager (Male) |
| 3:06 | Create | Villager (Male) |
| 3:21 | Create | Villager (Male) |
| 3:21 | Create | Villager (Male) |
| 3:55 | Create | Villager (Male) |
| 3:56 | Create | Villager (Male) |
| 4:07 | Build | House |
| 4:11 | Create | Villager (Male) |
| 4:12 | Create | Villager (Male) |
| 4:12 | Create | Villager (Male) |
| 4:29 | Create | Villager (Male) |
| 4:29 | Create | Villager (Male) |
| 4:42 | Create | Villager (Male) |
| 4:42 | Create | Villager (Male) |
| 4:42 | Create | Villager (Male) |
| 5:23 | Build | Mill |
| 5:37 | Create | Villager (Male) |
| 5:37 | Create | Villager (Male) |
| 5:38 | Create | Villager (Male) |
| 5:50 | Build | House |
| 5:57 | Create | Villager (Male) |
| 6:35 | Create | Villager (Male) |
| 6:40 | Build | Farm |
| 7:41 | Create | Villager (Male) |
| 8:05 | Research | Feudal Age |
| 8:24 | Build | Farm |
| 8:37 | Build | Farm |
| 8:55 | Build | Barracks |
| 9:53 | Build | House |
| 10:16 | Create | Villager (Male) |
| 10:16 | Create | Villager (Male) |
| 10:32 | Age | Feudal Age |
| 10:33 | Build | Market |
| 10:36 | Build | Blacksmith |
| 10:55 | Build | Farm |
| 11:22 | Research | Castle Age |
| 11:27 | Build | Farm |
| 11:28 | Build | Farm |
| 11:34 | Build | Farm |
| 11:35 | Create | Spearman |
| 11:35 | Create | Spearman |
| 11:43 | Build | House |
| 11:48 | Create | Spearman |
| 12:08 | Research | Double-Bit Axe |
| 12:08 | Research | Double-Bit Axe |
| 12:36 | Create | Spearman |
| 12:38 | Create | Villager (Male) |
| 12:38 | Create | Villager (Male) |
| 12:43 | Research | Horse Collar |
| 12:44 | Research | Horse Collar |
| 13:13 | Create | Spearman |
| 13:28 | Build | Farm |
| 13:29 | Build | Farm |
| 13:31 | Create | Villager (Male) |
| 13:31 | Create | Villager (Male) |
| 14:02 | Age | Castle Age |
| 14:05 | Create | Villager (Male) |
| 14:08 | Build | Town Center |
| 14:13 | Research | Bow Saw |
| 14:13 | Research | Bow Saw |
| 14:14 | Create | Villager (Male) |
| 14:53 | Create | Villager (Male) |
| 15:03 | Build | Town Center |
| 15:04 | Create | Villager (Male) |
| 15:30 | Create | Villager (Male) |
| 15:30 | Create | Villager (Male) |
| 15:32 | Build | Farm |
| 15:34 | Build | Farm |
| 15:45 | Build | Farm |
| 16:13 | Research | Wheelbarrow |
| 16:19 | Create | Villager (Male) |
| 16:22 | Build | Farm |
| 16:22 | Build | Farm |
| 16:26 | Create | Villager (Male) |
| 16:26 | Create | Villager (Male) |
| 16:34 | Build | House |
| 16:35 | Build | House |
| 16:40 | Create | Villager (Male) |
| 16:46 | Build | Farm |
| 16:49 | Build | Farm |
| 16:53 | Create | Villager (Male) |
| 16:53 | Create | Villager (Male) |
| 16:54 | Create | Villager (Male) |
| 16:56 | Build | Farm |
| 17:29 | Create | Villager (Male) |
| 17:29 | Create | Villager (Male) |
| 17:31 | Build | Farm |
| 17:44 | Build | Farm |
| 17:45 | Create | Villager (Male) |
| 17:47 | Create | Villager (Male) |
| 17:47 | Create | Villager (Male) |
| 17:52 | Build | Mining Camp |
| 17:57 | Build | Farm |
| 17:59 | Build | Farm |
| 17:59 | Create | Villager (Male) |
| 18:00 | Create | Villager (Male) |
| 18:03 | Build | House |
| 18:04 | Build | House |
| 18:04 | Build | House |
| 18:08 | Build | House |
| 18:08 | Build | House |
| 18:14 | Create | Villager (Male) |
| 18:14 | Create | Villager (Male) |
| 18:19 | Build | Farm |
| 18:22 | Build | Farm |
| 18:23 | Build | Farm |
| 18:26 | Build | Farm |
| 18:37 | Create | Villager (Male) |
| 18:37 | Create | Villager (Male) ×3 |
| 18:38 | Create | Villager (Male) ×2 |
| 18:38 | Create | Villager (Male) ×2 |
| 18:40 | Create | Villager (Male) |
| 18:41 | Create | Villager (Male) |
| 18:41 | Create | Villager (Male) |
| 18:57 | Create | Villager (Male) ×3 |
| 18:58 | Create | Villager (Male) ×3 |
| 19:00 | Build | Farm |
| 19:02 | Build | Farm |
| 19:04 | Build | Farm |
| 19:10 | Build | Farm |
| 19:10 | Build | Farm |
| 19:11 | Create | Villager (Male) |
| 19:11 | Create | Villager (Male) |
| 19:29 | Build | Town Center |
| 19:30 | Create | Villager (Male) ×4 |
| 19:30 | Create | Villager (Male) ×4 |
| 19:35 | Create | Villager (Male) |
| 19:35 | Create | Villager (Male) |
| 19:55 | Build | House |
| 19:56 | Build | House |
| 19:56 | Build | House |
| 19:57 | Build | House |
Build order — Jay_DiDi
First 150 of 713 actions detected
| 0:01 | Create | Villager (Male) |
| 0:01 | Create | Villager (Male) |
| 0:01 | Create | Villager (Male) |
| 0:02 | Build | House |
| 0:04 | Build | House |
| 0:13 | Create | Villager (Male) |
| 0:13 | Create | Villager (Male) |
| 0:48 | Build | Mill |
| 1:53 | Create | Villager (Male) |
| 1:53 | Create | Villager (Male) |
| 1:55 | Create | Villager (Male) |
| 1:55 | Create | Villager (Male) |
| 2:27 | Create | Villager (Male) |
| 3:15 | Create | Villager (Male) |
| 3:16 | Create | Villager (Male) |
| 3:17 | Create | Villager (Male) |
| 3:18 | Create | Villager (Male) |
| 4:08 | Create | Villager (Male) |
| 4:08 | Create | Villager (Male) |
| 4:19 | Build | House |
| 4:20 | Build | House |
| 4:20 | Build | House |
| 4:22 | Create | Villager (Male) |
| 4:22 | Create | Villager (Male) |
| 4:23 | Create | Villager (Male) |
| 4:51 | Create | Villager (Male) |
| 4:51 | Create | Villager (Male) |
| 5:32 | Build | Lumber Camp |
| 5:36 | Create | Villager (Male) |
| 5:36 | Create | Villager (Male) |
| 5:37 | Create | Villager (Male) |
| 6:32 | Create | Villager (Male) |
| 7:17 | Create | Villager (Male) |
| 7:17 | Create | Villager (Male) |
| 7:58 | Build | Farm |
| 8:01 | Build | Farm |
| 8:03 | Build | Farm |
| 8:05 | Build | Farm |
| 9:09 | Create | Villager (Male) |
| 9:09 | Create | Villager (Male) |
| 9:23 | Research | Feudal Age |
| 9:28 | Build | Mining Camp |
| 10:06 | Build | Barracks |
| 10:17 | Create | Villager (Male) |
| 10:17 | Create | Villager (Male) |
| 11:44 | Age | Feudal Age |
| 11:46 | Build | Archery Range |
| 11:52 | Build | Blacksmith |
| 12:32 | Create | Archer |
| 12:37 | Research | Castle Age |
| 12:40 | Build | House |
| 12:41 | Build | House |
| 12:47 | Create | Archer |
| 13:10 | Create | Archer |
| 13:17 | Create | Villager (Male) |
| 13:29 | Research | Double-Bit Axe |
| 13:32 | Research | Gold Mining |
| 13:45 | Create | Archer |
| 13:55 | Research | Horse Collar |
| 14:44 | Create | Archer |
| 14:48 | Research | Fletching |
| 14:50 | Create | Villager (Male) |
| 14:53 | Build | Farm |
| 14:54 | Build | Farm |
| 14:54 | Build | Farm |
| 14:54 | Build | Farm |
| 15:17 | Age | Castle Age |
| 15:45 | Build | Town Center |
| 15:56 | Create | Elephant Archer |
| 16:00 | Create | Villager (Male) |
| 16:06 | Research | Crossbowman (upgrade) |
| 16:24 | Create | Villager (Male) |
| 16:57 | Create | Villager (Male) |
| 16:57 | Create | Villager (Male) |
| 17:14 | Build | Town Center |
| 17:25 | Build | Archery Range |
| 17:32 | Create | Villager (Male) |
| 17:33 | Create | Villager (Male) |
| 17:33 | Create | Villager (Male) |
| 17:34 | Create | Villager (Male) |
| 17:57 | Create | Villager (Male) |
| 17:57 | Create | Villager (Male) |
| 17:59 | Build | Farm |
| 18:06 | Build | Farm |
| 18:19 | Build | House |
| 18:33 | Create | Villager (Male) |
| 18:33 | Create | Villager (Male) |
| 18:38 | Build | Farm |
| 18:41 | Build | Farm |
| 18:43 | Create | Villager (Male) |
| 18:58 | Create | Villager (Male) |
| 18:59 | Create | Villager (Male) |
| 19:10 | Build | House |
| 19:11 | Build | House |
| 19:16 | Build | House |
| 19:21 | Build | Farm |
| 19:22 | Build | Farm |
| 19:31 | Create | Villager (Male) |
| 19:31 | Create | Villager (Male) |
| 19:31 | Create | Villager (Male) |
| 19:59 | Create | Villager (Male) |
| 19:59 | Create | Villager (Male) |
| 19:59 | Create | Villager (Male) |
| 20:02 | Build | Farm |
| 20:03 | Build | Farm |
| 20:04 | Build | Farm |
| 20:04 | Build | Farm |
| 20:08 | Build | Farm |
| 20:34 | Create | Villager (Male) |
| 20:35 | Create | Villager (Male) |
| 20:35 | Create | Villager (Male) |
| 20:46 | Create | Elephant Archer |
| 20:46 | Create | Elephant Archer |
| 20:54 | Build | Farm |
| 20:56 | Build | Farm |
| 21:08 | Build | House |
| 21:09 | Build | House |
| 21:29 | Create | Elephant Archer |
| 21:29 | Create | Elephant Archer |
| 21:32 | Create | Villager (Male) |
| 21:32 | Create | Villager (Male) |
| 21:36 | Research | Padded Archer Armor |
| 21:36 | Research | Padded Archer Armor |
| 21:39 | Build | House |
| 21:47 | Build | Farm |
| 21:48 | Build | Farm |
| 21:48 | Build | Farm |
| 21:53 | Build | Stable |
| 21:59 | Create | Elephant Archer |
| 22:00 | Create | Elephant Archer |
| 22:10 | Create | Villager (Male) |
| 22:10 | Create | Villager (Male) |
| 22:13 | Build | Farm |
| 22:15 | Build | Farm |
| 22:48 | Research | Elite Skirmisher (upgrade) |
| 22:48 | Create | Skirmisher |
| 22:49 | Create | Skirmisher |
| 22:49 | Create | Skirmisher |
| 22:52 | Research | Leather Archer Armor |
| 22:55 | Research | Bodkin Arrow |
| 23:17 | Create | Shrivamsha Rider |
| 23:17 | Create | Shrivamsha Rider |
| 23:25 | Build | Stable |
| 23:47 | Research | Scale Barding Armor |
| 23:49 | Create | Villager (Male) |
| 23:49 | Create | Villager (Male) |
| 23:50 | Create | Villager (Male) |
| 23:50 | Create | Villager (Male) |
| 24:13 | Create | Shrivamsha Rider |
| 24:22 | Create | Shrivamsha Rider |
Build order — CALI
First 150 of 636 actions detected
| 0:01 | Create | Villager (Male) |
| 0:02 | Build | House |
| 0:04 | Build | House |
| 0:10 | Create | Villager (Male) |
| 0:11 | Create | Villager (Male) |
| 0:11 | Create | Villager (Male) |
| 0:11 | Create | Villager (Male) |
| 1:29 | Create | Villager (Male) |
| 1:29 | Create | Villager (Male) |
| 1:56 | Create | Villager (Male) |
| 1:56 | Create | Villager (Male) |
| 1:56 | Create | Villager (Male) |
| 2:24 | Build | Lumber Camp |
| 2:37 | Create | Villager (Male) |
| 2:37 | Create | Villager (Male) |
| 2:58 | Create | Villager (Male) |
| 3:06 | Build | House |
| 3:22 | Create | Villager (Male) |
| 3:22 | Create | Villager (Male) |
| 3:53 | Create | Villager (Male) |
| 4:13 | Create | Villager (Male) |
| 4:28 | Create | Villager (Male) |
| 4:53 | Build | Mill |
| 5:16 | Create | Villager (Male) |
| 5:16 | Create | Villager (Male) |
| 5:34 | Build | House |
| 6:00 | Create | Villager (Male) |
| 6:22 | Create | Villager (Male) |
| 6:59 | Research | Feudal Age |
| 6:59 | Research | Feudal Age |
| 7:14 | Build | Mining Camp |
| 9:09 | Create | Villager (Male) |
| 9:09 | Create | Villager (Male) |
| 9:09 | Create | Villager (Male) |
| 9:18 | Age | Feudal Age |
| 9:23 | Build | Market |
| 9:36 | Build | Blacksmith |
| 10:21 | Research | Loom |
| 10:38 | Build | House |
| 11:15 | Create | Villager (Male) |
| 11:20 | Build | Mining Camp |
| 11:40 | Research | Castle Age |
| 11:48 | Build | House |
| 14:06 | Create | Villager (Male) |
| 14:07 | Create | Villager (Male) |
| 14:13 | Build | House |
| 14:20 | Age | Castle Age |
| 14:55 | Build | House |
| 15:09 | Build | Castle |
| 15:13 | Create | Villager (Male) |
| 15:24 | Build | Farm |
| 15:36 | Build | Farm |
| 16:01 | Create | Villager (Male) |
| 16:01 | Create | Villager (Male) |
| 16:19 | Build | Farm |
| 16:28 | Create | Villager (Male) |
| 16:28 | Create | Villager (Male) |
| 16:44 | Build | Mining Camp |
| 17:15 | Build | Farm |
| 17:48 | Create | Villager (Male) |
| 17:52 | Build | Farm |
| 18:15 | Build | Farm |
| 18:28 | Create | Villager (Male) |
| 18:28 | Create | Villager (Male) |
| 18:32 | Build | Farm |
| 19:13 | Build | Siege Workshop |
| 19:20 | Create | Villager (Male) |
| 19:24 | Build | Farm |
| 19:27 | Create | Villager (Male) |
| 19:55 | Research | Town Watch |
| 19:55 | Research | Town Watch |
| 20:04 | Build | Outpost |
| 20:14 | Create | Mangonel |
| 20:16 | Create | Villager (Male) |
| 20:37 | Build | Outpost |
| 20:51 | Create | Villager (Male) |
| 21:02 | Build | House |
| 21:15 | Create | Villager (Male) |
| 21:18 | Research | Fletching |
| 21:37 | Build | House |
| 21:52 | Create | Mangonel |
| 21:58 | Build | Castle |
| 22:35 | Create | Mangonel |
| 22:47 | Create | Villager (Male) |
| 22:48 | Create | Villager (Male) |
| 23:23 | Create | Villager (Male) |
| 23:56 | Create | Villager (Male) |
| 24:10 | Create | Villager (Male) |
| 24:11 | Create | Villager (Male) |
| 24:12 | Research | Double-Bit Axe |
| 24:13 | Research | Horse Collar |
| 24:23 | Create | Mangonel |
| 24:39 | Create | Berserk |
| 24:39 | Create | Berserk |
| 26:03 | Create | Villager (Male) |
| 26:03 | Create | Villager (Male) |
| 26:08 | Build | Town Center |
| 26:10 | Create | Villager (Male) |
| 26:33 | Create | Villager (Male) |
| 26:35 | Research | Bow Saw |
| 26:39 | Build | Farm |
| 26:40 | Build | Farm |
| 26:41 | Build | Farm |
| 27:36 | Build | Outpost |
| 27:38 | Create | Villager (Male) |
| 27:39 | Create | Villager (Male) |
| 27:40 | Create | Villager (Male) |
| 28:02 | Build | Mining Camp |
| 28:11 | Create | Villager (Male) |
| 28:11 | Create | Villager (Male) |
| 28:13 | Create | Villager (Male) |
| 28:13 | Create | Villager (Male) |
| 28:21 | Build | Town Center |
| 28:28 | Build | Farm |
| 28:30 | Create | Villager (Male) |
| 28:30 | Create | Villager (Male) |
| 28:51 | Create | Villager (Male) |
| 28:57 | Build | Mill |
| 28:58 | Build | Farm |
| 28:58 | Build | Farm |
| 28:59 | Build | Farm |
| 28:59 | Build | Farm |
| 28:59 | Build | Farm |
| 29:00 | Build | Farm |
| 29:00 | Build | Farm |
| 29:00 | Build | Farm |
| 29:01 | Build | Farm |
| 29:05 | Research | Heavy Plow |
| 29:31 | Build | Watch Tower |
| 29:34 | Create | Villager (Male) |
| 29:35 | Create | Villager (Male) |
| 29:35 | Create | Villager (Male) |
| 29:37 | Build | Farm |
| 29:37 | Build | Farm |
| 29:38 | Build | Farm |
| 29:38 | Build | Farm |
| 29:41 | Create | Villager (Male) |
| 29:41 | Create | Villager (Male) |
| 29:44 | Build | Farm |
| 30:02 | Build | Farm |
| 30:08 | Create | Villager (Male) |
| 30:08 | Create | Villager (Male) |
| 30:50 | Create | Villager (Male) |
| 30:51 | Create | Villager (Male) |
| 30:51 | Create | Villager (Male) |
| 30:51 | Create | Villager (Male) |
| 30:54 | Build | Farm |
| 30:55 | Build | Farm |
| 30:55 | Build | Farm |
| 30:56 | Build | Farm |
Build order — crumpet
First 150 of 585 actions detected
| 0:00 | Create | Villager (Male) ×4 |
| 0:01 | Create | Villager (Male) ×4 |
| 0:02 | Build | House |
| 0:04 | Build | House |
| 1:12 | Create | Villager (Male) |
| 1:41 | Create | Villager (Male) |
| 1:45 | Build | Lumber Camp |
| 2:27 | Create | Villager (Male) |
| 2:49 | Create | Villager (Male) |
| 3:04 | Create | Villager (Male) |
| 3:27 | Create | Villager (Male) |
| 3:27 | Create | Villager (Male) |
| 3:51 | Create | Villager (Male) |
| 3:51 | Create | Villager (Male) |
| 4:02 | Build | House |
| 4:03 | Build | House |
| 4:04 | Build | House |
| 4:11 | Create | Villager (Male) |
| 4:30 | Create | Villager (Male) |
| 4:42 | Build | Mill |
| 4:47 | Create | Villager (Male) |
| 5:07 | Create | Villager (Male) |
| 5:43 | Create | Villager (Male) |
| 5:44 | Create | Villager (Male) |
| 5:51 | Create | Villager (Male) |
| 5:51 | Create | Villager (Male) |
| 6:07 | Create | Villager (Male) |
| 6:19 | Create | Villager (Male) |
| 7:47 | Research | Feudal Age |
| 7:49 | Create | Villager (Male) |
| 7:50 | Create | Villager (Male) |
| 7:55 | Build | Mining Camp |
| 8:11 | Create | Villager (Male) |
| 8:12 | Create | Villager (Male) |
| 8:47 | Build | Farm |
| 8:49 | Build | Farm |
| 8:56 | Build | Mining Camp |
| 8:59 | Create | Villager (Male) |
| 9:01 | Research | Feudal Age |
| 10:25 | Create | Villager (Male) |
| 10:26 | Create | Villager (Male) |
| 11:32 | Build | Farm |
| 11:35 | Build | Farm |
| 11:38 | Build | Farm |
| 12:11 | Age | Feudal Age |
| 12:15 | Build | Market |
| 12:18 | Build | Blacksmith |
| 12:24 | Research | Double-Bit Axe |
| 13:03 | Research | Castle Age |
| 13:03 | Research | Castle Age |
| 13:06 | Research | Gold Mining |
| 13:21 | Build | Farm |
| 13:38 | Build | House |
| 14:30 | Build | Farm |
| 14:34 | Build | Farm |
| 14:36 | Build | Farm |
| 15:18 | Create | Villager (Male) ×5 |
| 15:30 | Build | Farm |
| 15:43 | Age | Castle Age |
| 15:49 | Build | Castle |
| 16:09 | Build | Farm |
| 17:04 | Build | Lumber Camp |
| 17:25 | Research | Imperial Age |
| 17:31 | Create | Genoese Crossbowman |
| 17:37 | Build | Monastery |
| 17:51 | Create | Genoese Crossbowman |
| 17:58 | Create | Petard |
| 17:58 | Create | Petard |
| 18:11 | Research | Bow Saw |
| 18:22 | Create | Genoese Crossbowman |
| 18:26 | Create | Monk |
| 18:30 | Build | House |
| 18:59 | Create | Monk |
| 19:04 | Create | Genoese Crossbowman |
| 19:04 | Create | Genoese Crossbowman |
| 19:23 | Build | Monastery |
| 19:50 | Create | Genoese Crossbowman |
| 19:50 | Create | Genoese Crossbowman |
| 20:10 | Research | Sanctity |
| 20:17 | Create | Monk |
| 20:23 | Create | Villager (Male) |
| 20:32 | Create | Monk |
| 20:48 | Create | Genoese Crossbowman |
| 20:48 | Create | Villager (Male) |
| 20:54 | Create | Monk |
| 20:58 | Age | Imperial Age |
| 21:00 | Create | Trebuchet (Packed) |
| 21:04 | Build | Monastery |
| 21:08 | Research | Block Printing |
| 21:33 | Create | Villager (Male) |
| 21:53 | Create | Trebuchet (Packed) |
| 22:28 | Research | Redemption |
| 22:28 | Research | Redemption |
| 22:40 | Create | Monk |
| 23:18 | Create | Trebuchet (Packed) |
| 23:23 | Create | Monk |
| 23:29 | Create | Villager (Male) |
| 23:50 | Create | Villager (Male) |
| 24:04 | Create | Monk |
| 24:24 | Create | Villager (Male) |
| 24:41 | Create | Genoese Crossbowman |
| 24:42 | Create | Monk |
| 24:43 | Create | Villager (Male) |
| 24:45 | Create | Genoese Crossbowman ×2 |
| 24:45 | Create | Genoese Crossbowman ×2 |
| 24:51 | Create | Villager (Male) |
| 24:58 | Create | Villager (Male) |
| 25:00 | Build | House |
| 25:05 | Build | Mining Camp |
| 25:06 | Create | Genoese Crossbowman |
| 25:38 | Create | Villager (Male) |
| 25:54 | Create | Villager (Male) |
| 25:55 | Create | Genoese Crossbowman |
| 25:55 | Create | Genoese Crossbowman |
| 25:57 | Create | Villager (Male) |
| 26:01 | Create | Monk |
| 26:11 | Build | House |
| 26:11 | Build | House |
| 26:14 | Create | Monk |
| 26:15 | Create | Monk |
| 26:27 | Research | Loom |
| 26:28 | Research | Fletching |
| 26:40 | Create | Villager (Male) |
| 26:42 | Build | University |
| 26:43 | Create | Genoese Crossbowman |
| 26:44 | Create | Villager (Male) |
| 26:56 | Create | Villager (Male) |
| 27:05 | Create | Villager (Male) |
| 27:11 | Create | Genoese Crossbowman |
| 27:15 | Create | Monk |
| 27:16 | Create | Monk |
| 27:16 | Create | Monk |
| 27:19 | Create | Genoese Crossbowman |
| 27:20 | Create | Genoese Crossbowman |
| 27:26 | Research | Wheelbarrow |
| 27:26 | Research | Wheelbarrow |
| 27:28 | Build | House |
| 27:29 | Build | House |
| 27:29 | Build | House |
| 27:50 | Create | Villager (Male) |
| 27:59 | Build | House |
| 28:00 | Build | House |
| 28:01 | Create | Monk |
| 28:02 | Create | Genoese Crossbowman |
| 28:04 | Research | Ballistics |
| 28:33 | Research | Bodkin Arrow |
| 28:35 | Create | Genoese Crossbowman |
| 28:35 | Create | Genoese Crossbowman |
| 28:35 | Create | Genoese Crossbowman |
| 28:37 | Create | Villager (Male) |
Build order — MacBookUser
First 150 of 244 actions detected
| 0:01 | Create | Villager (Male) |
| 0:01 | Create | Villager (Male) |
| 0:01 | Create | Villager (Male) |
| 0:01 | Create | Villager (Male) |
| 0:01 | Create | Villager (Male) |
| 0:02 | Build | House |
| 0:04 | Build | House |
| 1:16 | Create | Villager (Male) |
| 1:16 | Create | Villager (Male) |
| 1:16 | Create | Villager (Male) |
| 1:16 | Create | Villager (Male) |
| 2:03 | Create | Villager (Male) |
| 2:03 | Create | Villager (Male) |
| 2:03 | Create | Villager (Male) |
| 2:03 | Create | Villager (Male) |
| 2:03 | Create | Villager (Male) |
| 2:03 | Create | Villager (Male) |
| 2:22 | Build | Lumber Camp |
| 2:38 | Create | Villager (Male) |
| 2:38 | Create | Villager (Male) |
| 2:38 | Create | Villager (Male) |
| 2:38 | Create | Villager (Male) |
| 2:38 | Create | Villager (Male) |
| 3:08 | Create | Villager (Male) |
| 3:08 | Create | Villager (Male) |
| 3:08 | Create | Villager (Male) |
| 3:08 | Create | Villager (Male) |
| 3:32 | Build | House |
| 3:39 | Create | Villager (Male) |
| 3:39 | Create | Villager (Male) |
| 3:39 | Create | Villager (Male) |
| 3:39 | Create | Villager (Male) |
| 4:10 | Create | Villager (Male) |
| 4:10 | Create | Villager (Male) |
| 4:10 | Create | Villager (Male) |
| 4:10 | Create | Villager (Male) |
| 4:10 | Create | Villager (Male) |
| 4:38 | Create | Villager (Male) |
| 4:38 | Create | Villager (Male) |
| 4:38 | Create | Villager (Male) |
| 4:38 | Create | Villager (Male) |
| 4:38 | Create | Villager (Male) |
| 4:38 | Create | Villager (Male) |
| 5:00 | Create | Villager (Male) |
| 5:00 | Create | Villager (Male) |
| 5:00 | Create | Villager (Male) |
| 5:00 | Create | Villager (Male) |
| 5:00 | Create | Villager (Male) |
| 5:03 | Build | House |
| 5:18 | Create | Villager (Male) |
| 5:18 | Create | Villager (Male) |
| 5:18 | Create | Villager (Male) |
| 5:18 | Create | Villager (Male) |
| 5:18 | Create | Villager (Male) |
| 5:28 | Build | Mill |
| 5:50 | Build | House |
| 6:21 | Build | Mining Camp |
| 6:41 | Create | Villager (Male) |
| 7:17 | Build | Farm |
| 7:20 | Create | Villager (Male) |
| 7:25 | Research | Loom |
| 8:01 | Research | Feudal Age |
| 8:32 | Create | Villager (Male) |
| 8:32 | Create | Villager (Male) |
| 10:31 | Age | Feudal Age |
| 10:36 | Create | Villager (Male) |
| 10:41 | Build | Market |
| 10:45 | Build | Blacksmith |
| 11:31 | Build | Lumber Camp |
| 11:54 | Research | Castle Age |
| 12:22 | Research | Horse Collar |
| 12:35 | Build | Farm |
| 12:39 | Build | Farm |
| 13:14 | Build | Barracks |
| 13:29 | Create | Villager (Male) |
| 13:33 | Research | Double-Bit Axe |
| 14:09 | Build | Archery Range |
| 14:34 | Age | Castle Age |
| 14:38 | Create | Villager (Male) |
| 15:07 | Create | Villager (Male) |
| 15:12 | Build | Town Center |
| 15:15 | Create | Cavalry Archer |
| 15:36 | Build | Stone Wall |
| 15:39 | Create | Villager (Male) |
| 15:48 | Build | Stone Wall |
| 15:50 | Build | Stone Wall |
| 15:52 | Create | Cavalry Archer |
| 15:54 | Create | Villager (Male) |
| 15:56 | Build | House |
| 15:58 | Create | Villager (Male) |
| 16:00 | Build | Farm |
| 16:05 | Build | Stone Wall |
| 16:07 | Build | Stone Wall |
| 16:10 | Build | Stone Wall |
| 16:15 | Create | Villager (Male) |
| 16:16 | Build | Farm |
| 16:20 | Create | Cavalry Archer |
| 16:30 | Create | Villager (Male) |
| 16:35 | Build | Farm |
| 16:46 | Build | Farm |
| 16:50 | Build | Farm |
| 16:56 | Create | Cavalry Archer |
| 16:58 | Create | Villager (Male) |
| 17:05 | Build | Farm |
| 17:28 | Create | Villager (Male) |
| 17:33 | Create | Cavalry Archer |
| 17:40 | Build | Farm |
| 17:43 | Build | House |
| 17:45 | Build | House |
| 18:03 | Create | Villager (Male) |
| 18:04 | Create | Cavalry Archer |
| 18:18 | Create | Villager (Male) |
| 18:31 | Create | Villager (Male) |
| 18:34 | Build | Farm |
| 18:34 | Build | Farm |
| 18:46 | Create | Cavalry Archer |
| 18:51 | Create | Villager (Male) |
| 19:00 | Build | Farm |
| 19:16 | Build | University |
| 19:25 | Research | Fletching |
| 19:56 | Create | Villager (Male) |
| 20:02 | Build | Farm |
| 20:29 | Create | Villager (Male) |
| 20:31 | Build | Blacksmith |
| 20:35 | Build | House |
| 20:37 | Build | House |
| 20:38 | Create | Villager (Male) |
| 20:40 | Create | Villager (Male) |
| 20:41 | Create | Cavalry Archer |
| 20:42 | Create | Cavalry Archer |
| 20:42 | Create | Cavalry Archer |
| 21:01 | Build | House |
| 21:02 | Build | House |
| 21:03 | Create | Villager (Male) |
| 21:08 | Create | Cavalry Archer |
| 21:08 | Create | Cavalry Archer |
| 21:34 | Create | Villager (Male) |
| 21:34 | Create | Villager (Male) |
| 21:40 | Build | Castle |
| 22:02 | Create | Cavalry Archer |
| 22:02 | Create | Cavalry Archer |
| 22:51 | Build | Siege Workshop |
| 23:21 | Create | Villager (Male) |
| 23:21 | Create | Villager (Male) |
| 23:21 | Create | Villager (Male) |
| 23:38 | Build | Farm |
| 23:48 | Create | Villager (Male) |
| 23:48 | Create | Villager (Male) |
| 23:53 | Build | Stone Wall |
| 23:59 | Create | Villager (Male) |
Build order — LikeMaik
First 150 of 494 actions detected
| 0:01 | Create | Villager (Male) |
| 0:01 | Create | Villager (Male) |
| 0:03 | Build | House |
| 0:05 | Build | House |
| 0:12 | Create | Villager (Male) |
| 0:12 | Create | Villager (Male) |
| 1:34 | Create | Villager (Male) |
| 1:34 | Create | Villager (Male) |
| 1:50 | Build | Lumber Camp |
| 2:02 | Create | Villager (Male) |
| 2:02 | Create | Villager (Male) |
| 2:20 | Create | Villager (Male) |
| 2:20 | Create | Villager (Male) |
| 2:55 | Create | Villager (Male) |
| 2:56 | Create | Villager (Male) |
| 3:13 | Create | Villager (Male) |
| 3:36 | Create | Villager (Male) |
| 3:36 | Create | Villager (Male) |
| 4:09 | Build | House |
| 4:27 | Create | Villager (Male) |
| 4:32 | Create | Villager (Male) |
| 4:32 | Create | Villager (Male) |
| 4:42 | Create | Villager (Male) |
| 4:45 | Build | House |
| 4:50 | Create | Villager (Male) |
| 5:39 | Create | Villager (Male) |
| 5:39 | Create | Villager (Male) |
| 5:42 | Create | Villager (Male) |
| 6:29 | Build | Mill |
| 7:14 | Create | Villager (Male) |
| 7:40 | Create | Villager (Male) |
| 7:49 | Build | Mining Camp |
| 8:06 | Build | Pasture |
| 8:36 | Research | Feudal Age |
| 9:07 | Build | Pasture |
| 9:45 | Create | Villager (Male) |
| 9:45 | Create | Villager (Male) |
| 9:50 | Build | House |
| 10:24 | Build | Pasture |
| 10:59 | Age | Feudal Age |
| 11:05 | Build | Market |
| 11:25 | Build | Blacksmith |
| 11:40 | Build | House |
| 11:41 | Build | House |
| 11:48 | Create | Villager (Male) |
| 12:12 | Research | Castle Age |
| 12:13 | Research | Castle Age |
| 12:42 | Research | Double-Bit Axe |
| 12:42 | Research | Double-Bit Axe |
| 13:07 | Research | Tech 1014 |
| 13:07 | Research | Tech 1014 |
| 13:18 | Build | Pasture |
| 13:29 | Create | Villager (Male) |
| 13:55 | Build | Barracks |
| 14:36 | Research | Forging |
| 14:54 | Age | Castle Age |
| 15:00 | Research | Bow Saw |
| 15:08 | Build | Town Center |
| 15:13 | Create | Villager (Male) |
| 15:27 | Create | Villager (Male) |
| 15:45 | Build | Town Center |
| 16:05 | Build | Siege Workshop |
| 16:11 | Create | Villager (Male) |
| 16:14 | Research | Loom |
| 16:34 | Build | Pasture |
| 16:39 | Create | Villager (Male) |
| 16:43 | Create | Scorpion |
| 16:49 | Build | Mining Camp |
| 16:51 | Create | Villager (Male) |
| 16:54 | Create | Villager (Male) |
| 17:06 | Build | Pasture |
| 17:22 | Create | Villager (Male) |
| 17:23 | Create | Villager (Male) |
| 17:29 | Build | Pasture |
| 17:44 | Create | Scorpion |
| 17:51 | Create | Villager (Male) |
| 17:57 | Build | House |
| 17:59 | Create | Villager (Male) |
| 18:01 | Create | Villager (Male) |
| 18:08 | Create | Villager (Male) |
| 18:14 | Create | Villager (Male) |
| 18:25 | Build | Pasture |
| 18:32 | Create | Villager (Male) |
| 18:52 | Create | Villager (Male) |
| 18:59 | Create | Villager (Male) |
| 19:04 | Create | Iron Pagoda |
| 19:15 | Build | House |
| 19:19 | Build | House |
| 19:21 | Build | House |
| 19:25 | Create | Villager (Male) |
| 19:42 | Build | Gate |
| 19:49 | Build | Gate |
| 19:59 | Create | Villager (Male) |
| 19:59 | Create | Villager (Male) |
| 20:00 | Create | Villager (Male) |
| 20:07 | Research | Wheelbarrow |
| 20:09 | Create | Villager (Male) |
| 20:38 | Create | Iron Pagoda |
| 20:40 | Create | Villager (Male) |
| 20:40 | Create | Villager (Male) |
| 20:47 | Create | Villager (Male) |
| 20:50 | Build | House |
| 21:08 | Build | Outpost |
| 21:11 | Create | Villager (Male) |
| 21:11 | Create | Villager (Male) |
| 21:18 | Build | House |
| 21:48 | Build | Pasture |
| 21:49 | Create | Villager (Male) |
| 21:49 | Create | Villager (Male) |
| 22:30 | Create | Iron Pagoda |
| 22:30 | Create | Iron Pagoda |
| 23:00 | Build | Castle |
| 24:11 | Create | Villager (Male) |
| 24:11 | Create | Villager (Male) |
| 24:11 | Create | Villager (Male) |
| 24:11 | Create | Villager (Male) |
| 24:11 | Create | Villager (Male) |
| 24:11 | Create | Villager (Male) |
| 24:24 | Build | Town Center |
| 24:28 | Create | Villager (Male) |
| 24:37 | Create | Villager (Male) |
| 24:50 | Create | Villager (Male) |
| 24:50 | Create | Villager (Male) |
| 25:00 | Create | Villager (Male) |
| 25:13 | Create | Villager (Male) |
| 25:13 | Create | Villager (Male) |
| 25:14 | Create | Villager (Male) |
| 25:20 | Build | Pasture |
| 25:20 | Build | Pasture |
| 25:28 | Create | Iron Pagoda |
| 25:33 | Create | Villager (Male) |
| 25:37 | Create | Battering Ram |
| 25:39 | Create | Villager (Male) |
| 25:45 | Build | Mill |
| 25:46 | Build | Pasture |
| 25:47 | Build | Pasture |
| 25:48 | Build | Pasture |
| 25:50 | Create | Villager (Male) |
| 26:01 | Build | Pasture |
| 26:02 | Build | Pasture |
| 26:05 | Create | Villager (Male) |
| 26:18 | Create | Villager (Male) |
| 26:18 | Create | Villager (Male) |
| 26:22 | Create | Villager (Male) |
| 26:25 | Create | Villager (Male) |
| 26:38 | Build | Pasture |
| 26:39 | Build | Pasture |
| 26:47 | Build | Pasture |
| 26:49 | Create | Villager (Male) |
| 26:49 | Create | Villager (Male) |
Match timeline
| 8:55 | calypso1119 · first_building Barracks |
| 9:18 | CALI · age_up feudal |
| 10:06 | Jay_DiDi · first_building Barracks |
| 10:31 | MacBookUser · age_up feudal |
| 10:32 | calypso1119 · age_up feudal |
| 10:56 | One Trick Kitty · age_up feudal |
| 10:59 | LikeMaik · age_up feudal |
| 11:44 | Jay_DiDi · age_up feudal |
| 11:46 | Jay_DiDi · first_building Archery Range |
| 11:47 | MacBookUser · first_market_buy 100 food |
| 11:49 | MacBookUser · first_market_sell 100 wood |
| 12:11 | crumpet · age_up feudal |
| 13:14 | MacBookUser · first_building Barracks |
| 13:26 | CALI · first_market_sell 100 food |
| 13:28 | CALI · first_market_buy 500 stone |
| 13:55 | LikeMaik · first_building Barracks |
| 14:02 | calypso1119 · age_up castle |
| 14:09 | MacBookUser · first_building Archery Range |
| 14:15 | One Trick Kitty · first_market_sell 100 wood |
| 14:20 | CALI · age_up castle |
| 14:20 | One Trick Kitty · first_market_buy 100 stone |
| 14:28 | One Trick Kitty · age_up castle |
| 14:34 | MacBookUser · age_up castle |
| 14:38 | One Trick Kitty · first_building Castle |
| 14:54 | LikeMaik · age_up castle |
| 15:09 | CALI · first_building Castle |
| 15:17 | Jay_DiDi · age_up castle |
| 15:21 | Mr CHEN9898 · first_building Monastery |
| 15:25 | LikeMaik · first_market_buy 100 wood |
| 15:36 | MacBookUser · wall_segment Stone Wall x1 |
| 15:43 | crumpet · age_up castle |
| 15:48 | MacBookUser · wall_segment Stone Wall x1 |
| 15:49 | crumpet · first_building Castle |
| 15:50 | MacBookUser · wall_segment Stone Wall x1 |
| 16:00 | Mr CHEN9898 · first_market_buy 100 food |
| 16:05 | LikeMaik · first_building Siege Workshop |
| 16:05 | MacBookUser · wall_segment Stone Wall x1 |
| 16:07 | MacBookUser · wall_segment Stone Wall x1 |
| 16:10 | MacBookUser · wall_segment Stone Wall x1 |
| 16:46 | crumpet · first_market_buy 100 food |
| 17:37 | crumpet · first_building Monastery |
| 19:13 | CALI · first_building Siege Workshop |
| 19:25 | calypso1119 · first_market_buy 100 stone |
| 20:15 | crumpet · first_market_sell 100 food |
| 20:58 | crumpet · age_up imperial |
| 21:40 | MacBookUser · first_building Castle |
| 21:53 | Jay_DiDi · first_building Stable |
| 22:08 | calypso1119 · first_building Siege Workshop |
| 22:34 | LikeMaik · first_market_sell 500 wood |
| 22:51 | MacBookUser · first_building Siege Workshop |
| 23:00 | LikeMaik · first_building Castle |
| 23:22 | calypso1119 · first_market_sell 100 wood |
| 23:51 | Mr CHEN9898 · first_market_sell 100 food |
| 23:53 | MacBookUser · wall_segment Stone Wall x3 |
| 24:10 | calypso1119 · first_building Archery Range |
| 26:35 | Mr CHEN9898 · first_building Castle |
| 26:41 | calypso1119 · age_up imperial |
| 26:55 | Mr CHEN9898 · first_building Barracks |
| 26:56 | MacBookUser · wall_segment Stone Wall x14 |
| 27:36 | LikeMaik · first_building Stable |
| 27:37 | Mr CHEN9898 · first_building Siege Workshop |
| 27:42 | Mr CHEN9898 · wall_segment Stone Wall x1 |
| 27:51 | MacBookUser · wall_segment Stone Wall x15 |
| 28:39 | Mr CHEN9898 · first_building Stable |
| 28:55 | MacBookUser · wall_segment Stone Wall x6 |
| 32:40 | MacBookUser · resign |
| 32:54 | CALI · first_building Barracks |
| 33:47 | calypso1119 · first_building Castle |
| 33:58 | CALI · first_building Archery Range |
| 34:51 | LikeMaik · age_up imperial |
| 35:18 | Jay_DiDi · first_market_sell 100 wood |
| 35:20 | Jay_DiDi · first_market_buy 100 stone |
| 35:38 | crumpet · wall_segment Stone Wall x7 |
| 35:40 | crumpet · wall_segment Stone Wall x3 |
| 37:25 | CALI · age_up imperial |
| 38:23 | crumpet · first_building Barracks |
| 40:39 | calypso1119 · tribute_sent a jugador 1 |
| 40:39 | calypso1119 · tribute_sent a jugador 2 |
| 40:39 | calypso1119 · tribute_sent a jugador 4 |
| 40:39 | calypso1119 · tribute_sent a jugador 5 |
| 40:39 | calypso1119 · tribute_sent a jugador 6 |
| 40:39 | calypso1119 · tribute_sent a jugador 7 |
| 40:39 | calypso1119 · tribute_sent a jugador 8 |
| 40:58 | crumpet · first_building Archery Range |
| 40:59 | One Trick Kitty · first_building Siege Workshop |
| 41:43 | One Trick Kitty · first_building Barracks |
| 42:49 | LikeMaik · first_building Archery Range |
| 42:51 | Jay_DiDi · first_building Siege Workshop |
| 43:18 | One Trick Kitty · first_building Archery Range |
| 43:22 | One Trick Kitty · first_building Stable |
| 43:32 | LikeMaik · tribute_sent a jugador 1 |
| 43:32 | LikeMaik · tribute_sent a jugador 2 |
| 43:32 | LikeMaik · tribute_sent a jugador 3 |
| 43:32 | LikeMaik · tribute_sent a jugador 4 |
| 43:32 | LikeMaik · tribute_sent a jugador 5 |
| 43:32 | LikeMaik · tribute_sent a jugador 6 |
| 43:32 | LikeMaik · tribute_sent a jugador 7 |
| 44:12 | One Trick Kitty · age_up imperial |
| 46:06 | calypso1119 · tribute_sent a jugador 1 |
| 46:06 | calypso1119 · tribute_sent a jugador 2 |
| 46:06 | calypso1119 · tribute_sent a jugador 4 |
| 46:06 | calypso1119 · tribute_sent a jugador 5 |
| 46:06 | calypso1119 · tribute_sent a jugador 6 |
| 46:06 | calypso1119 · tribute_sent a jugador 7 |
| 46:06 | calypso1119 · tribute_sent a jugador 8 |
| 47:30 | One Trick Kitty · first_building Monastery |
| 48:03 | calypso1119 · first_building Monastery |
| 49:12 | Jay_DiDi · first_building Castle |
| 49:20 | calypso1119 · tribute_sent a jugador 1 |
| 49:20 | calypso1119 · tribute_sent a jugador 2 |
| 49:20 | calypso1119 · tribute_sent a jugador 4 |
| 49:20 | calypso1119 · tribute_sent a jugador 5 |
| 49:20 | calypso1119 · tribute_sent a jugador 6 |
| 49:20 | calypso1119 · tribute_sent a jugador 7 |
| 49:20 | calypso1119 · tribute_sent a jugador 8 |
| 49:43 | Jay_DiDi · age_up imperial |
| 51:26 | crumpet · tribute_sent a jugador 1 |
| 51:26 | crumpet · tribute_sent a jugador 2 |
| 51:26 | crumpet · tribute_sent a jugador 3 |
| 51:26 | crumpet · tribute_sent a jugador 4 |
| 51:26 | crumpet · tribute_sent a jugador 5 |
| 51:26 | crumpet · tribute_sent a jugador 7 |
| 51:26 | crumpet · tribute_sent a jugador 8 |
| 51:35 | calypso1119 · tribute_sent a jugador 1 |
| 51:35 | calypso1119 · tribute_sent a jugador 2 |
| 51:35 | calypso1119 · tribute_sent a jugador 4 |
| 51:35 | calypso1119 · tribute_sent a jugador 5 |
| 51:36 | calypso1119 · tribute_sent a jugador 6 |
| 51:36 | calypso1119 · tribute_sent a jugador 7 |
| 51:36 | calypso1119 · tribute_sent a jugador 8 |
| 54:52 | calypso1119 · tribute_sent a jugador 1 |
| 54:52 | calypso1119 · tribute_sent a jugador 2 |
| 54:52 | calypso1119 · tribute_sent a jugador 4 |
| 54:52 | calypso1119 · tribute_sent a jugador 5 |
| 54:52 | calypso1119 · tribute_sent a jugador 6 |
| 54:52 | calypso1119 · tribute_sent a jugador 7 |
| 54:52 | calypso1119 · tribute_sent a jugador 8 |
| 55:09 | crumpet · wall_segment Stone Wall x13 |
| 55:12 | crumpet · wall_segment Stone Wall x4 |
| 55:13 | crumpet · wall_segment Stone Wall x4 |
| 56:34 | crumpet · wall_segment Stone Wall x11 |
| 56:37 | crumpet · wall_segment Stone Wall x17 |
| 56:49 | calypso1119 · tribute_sent a jugador 1 |
| 56:49 | calypso1119 · tribute_sent a jugador 2 |
| 56:49 | calypso1119 · tribute_sent a jugador 4 |
| 56:49 | calypso1119 · tribute_sent a jugador 5 |
| 56:49 | calypso1119 · tribute_sent a jugador 6 |
| 56:49 | calypso1119 · tribute_sent a jugador 7 |
| 56:49 | calypso1119 · tribute_sent a jugador 8 |
| 57:31 | crumpet · wall_segment Stone Wall x11 |
| 57:38 | crumpet · wall_segment Stone Wall x22 |
| 57:42 | crumpet · wall_segment Stone Wall x21 |
| 58:08 | crumpet · wall_segment Stone Wall x20 |
| 60:01 | calypso1119 · wall_segment Stone Wall x29 |
| 60:03 | calypso1119 · wall_segment Stone Wall x11 |
| 61:17 | calypso1119 · tribute_sent a jugador 1 |
| 61:17 | calypso1119 · tribute_sent a jugador 2 |
| 61:17 | calypso1119 · tribute_sent a jugador 4 |
| 61:17 | calypso1119 · tribute_sent a jugador 5 |
| 61:17 | calypso1119 · tribute_sent a jugador 6 |
| 61:17 | calypso1119 · tribute_sent a jugador 7 |
| 61:17 | calypso1119 · tribute_sent a jugador 8 |
| 64:10 | calypso1119 · wall_segment Stone Wall x1 |
| 64:11 | calypso1119 · wall_segment Stone Wall x1 |
| 64:12 | calypso1119 · wall_segment Stone Wall x12 |
| 64:16 | calypso1119 · wall_segment Stone Wall x23 |
[ AI ANALYSIS · 1 CREDIT ]
What really happened in this match?
Wolo.gg analyzes every decision: build order, eco, micro, common mistakes by bracket. Personalized analysis on WhatsApp or Discord in 30 seconds.
Civ guide
Koreans
Perfil
Jugador #172932